 Dungeon Crawl Stone Soup version 0.30-a0-374-g95c0257040 (webtiles) character file.

Game seed: 2288194688462358278

205 Grillzange the Trooper (level 5, 0/50 HPs)
             Began as a Minotaur Berserker on Nov 25, 2022.
             Was a Priest of Trog.
             Slain by a gnoll
             ... wielding a +0 flail
              (10 damage)
             ... on level 3 of the Dungeon.
             The game lasted 00:03:09 (2771 turns).

Grillzange the Trooper (Minotaur Berserker)         Turns: 2771, Time: 00:03:09

Health: 0/50       AC:  2    Str: 23    XL:     5   Next: 53%
Magic:  4/4        EV: 12    Int:  4    God:    Trog [***...]
Gold:   266        SH:  0    Dex: 10    Spells: 4/4 levels left

rFire   . . .      SeeInvis .    a - +1 mace
rCold   . . .      Faith    .    (no shield)
rNeg    . . .      Spirit   .    b - +0 animal skin
rPois   .          Reflect  .    (helmet restricted)
rElec   .          Harm     .    (no cloak)
rCorr   .          Rampage  .    (no gloves)
Will    .....                    (no boots)
Stlth   +.........               (no amulet)
HPRegen 0.28/turn                (no ring)
MPRegen 0.09/turn                (no ring)

@: no status effects
A: horns 2, retaliatory headbutt
a: Renounce Religion, Berserk, Trog's Hand


You were on level 3 of the Dungeon.
You worshipped Trog.
Trog was most pleased with you.
You visited 1 branch of the dungeon, and saw 4 of its levels.

You collected 266 gold pieces.

Inventory:

Hand Weapons
 a - a +1 mace (weapon)
Armour
 b - a +0 animal skin (worn)
Jewellery
 d - a ring of flight
Wands
 c - a wand of digging (6)
Scrolls
 e - a scroll of teleportation
Potions
 g - 2 potions of lignification
 k - 2 potions of flight {unknown}
 m - a potion of brilliance {unknown}
 n - a potion of curing {unknown}
 p - a potion of mutation {unknown}


   Skills:
 + Level 6.0 Fighting
 + Level 5.9 Maces & Flails
 - Level 2.4 Armour
 - Level 2.1 Dodging


You had 4 spell levels left.
You didn't know any spells.
Your spell library was empty.

Dungeon Overview and Level Annotations

Branches:
Dungeon (4/15)
 Temple: D:4-7

Altars:
Yredelemnul

Shops:
D:3 *


Innate Abilities, Weirdness & Mutations

You have a pair of horns on your head.
You reflexively headbutt those who attack you in melee.


Message History

A gnoll is nearby!
A gnoll comes into view. It is wielding a +0 halberd.
Found a mace.
The gnoll shouts! x2
A giant cockroach and a gnoll come into view.
Found a dagger.
The giant cockroach barely misses you. You furiously retaliate!
You headbutt the giant cockroach, but do no damage.
The giant cockroach attacks as you move away!
The giant cockroach completely misses you.
You furiously retaliate!
You headbutt the giant cockroach.
You kill the giant cockroach!
Trog accepts your kill.
There is a stone staircase leading up here.
You barely miss the gnoll. The gnoll barely misses you.
The gnoll hits you from afar with a +0 halberd!
The gnoll misses you. The gnoll hits you with a +0 club.
You climb upwards.
There is a stone staircase leading down here.
You sock the gnoll!
The gnoll is heavily wounded.
The gnoll hits you with a +0 club! The gnoll closely misses you.
You furiously retaliate!
You headbutt the gnoll!
You kill the gnoll!
Trog accepts your kill.
Your Fighting skill increases to level 6!
You hit the gnoll.
The gnoll is lightly wounded.
The gnoll hits you with a +0 flail!
You closely miss the gnoll.
The gnoll is lightly wounded.
The gnoll barely misses you.
You hit the gnoll.
The gnoll is moderately wounded.
The gnoll hits you with a +0 flail!
* * * LOW HITPOINT WARNING * * *
You barely miss the gnoll.
The gnoll is moderately wounded.
The gnoll hits you with a +0 flail!
You die...

#.......##........
#.......##........
#.......##........
#.......########..
#.......##........
#####†####.######.
#....#.....##.
#####..#.#####.##.
#@g......## #.##.
###.#.....####....
#...............
#.##.#.......##.
#....#....#..##.
#.#.....#.##.###
#.#........#....
#.#..##....##.##
###..##....##...


You could see a gnoll.

Vanquished Creatures
  2 iguanas (D:4)
  A gnoll (D:3)
  6 adders
  A dart slug (D:1)
  6 endoplasms
  9 giant cockroaches
  6 goblins
  3 hobgoblins
  4 jackals (D:1)
  5 quokkas
  7 ball pythons
  5 bats
  4 frilled lizards
  16 kobolds
  12 rats
87 creatures vanquished.

Notes
Turn   | Place    | Note
-------+----------+-------------------------------------------
     0 | D:1      | Grillzange the Minotaur Berserker began the quest for the
                  | Orb.
     0 | D:1      | Reached XP level 1. HP: 19/19 MP: 0/0
   221 | D:1      | Reached skill level 4 in Fighting
   223 | D:1      | Reached XP level 2. HP: 25/27 MP: 1/1
   640 | D:2      | Found a faded altar of an unknown god.
   672 | D:2      | Reached XP level 3. HP: 34/34 MP: 2/2
   734 | D:2      | Reached ** piety under Trog
   774 | D:2      | Found a basalt altar of Yredelemnul.
  1150 | D:2      | Reached XP level 4. HP: 41/41 MP: 3/3
  1156 | D:2      | Reached skill level 5 in Fighting
  1156 | D:2      | Reached skill level 5 in Maces & Flails
  2111 | D:3      | Found Tuyle's Assorted Antiques.
  2300 | D:3      | Reached XP level 5. HP: 48/48 MP: 4/4
  2556 | D:3      | Reached *** piety under Trog
  2768 | D:3      | Reached skill level 6 in Fighting
  2771 | D:3      | Slain by a gnoll

Illustrated notes

Levels and vault maps discovered:
D:1:      dpeg_arrival_tiny_d, layout_basic
D:2:      minmay_razor_zed, layout_basic, basic_altar, basic_ecumenical_altar,
          corexii_shack, dk_vineyard_2, palyth_stone_intersect
D:3:      layout_basic, serial_shops, shop
D:4:      layout_cave_pools, okawaru_metal_pillars_1_2,
          nemelex_spade_bored_becter

Skill      XL: |  1  2  3  4  5 |
---------------+----------------+-----
Fighting       | 4 5 6 |  6.0
Maces & Flails | 4 5 |  5.9
Armour         | |  2.4
Dodging        | |  2.1

Action                   |  1- 3 |  4- 6 || total
-------------------------+-------+-------++-------
Melee: Mace              |    84 |    95 ||   179
       Headbutt          |     6 |    12 ||    18
       Punch             |     1 |       ||     1
  Use: Scroll            |       |    11 ||    11
 Stab: Sleeping          |       |     1 ||     1
Armor: Animal skin       |    12 |    18 ||    30
Dodge: Dodged            |    61 |    56 ||   117

Table legend: (Time is in decaauts)
 A = Elapsed time spent in this place.
 B = Non-inter-level travel time spent in this place.
 C = Inter-level travel time spent in this place.
 D = Time resting spent in this place.
 E = Time spent auto-exploring this place.
 F = Levels seen in this place.
 G = Mean time per level.
                   A        B        C        D        E       F      G
               +--------+--------+--------+--------+--------+-----+--------+
         Total |   2798 |   2733 |     65 |      0 |   2231 |   4 |  699.5 |
       Dungeon |   2798 |   2733 |     65 |      0 |   2231 |   4 |  699.5 |
               +--------+--------+--------+--------+--------+-----+--------+

Top non-repeatable levels by time:
     D:2: 1329 daAuts
     D:3: 663 daAuts
     D:1: 648 daAuts
     D:4: 157 daAuts
